 Dungeon Crawl Stone Soup version 0.30-a0-881-g1ff12e1e11 (webtiles) character file.

Game seed: 10136033210776042552

20790 ooooo the Devastator (level 12, 0/83 HPs)
             Began as a Demonspawn Conjurer on Mar 15, 2023.
             Was an Initiate of Gozag.
             Slain by a skyshark (17 damage)
             ... on level 4 of the Lair of Beasts.
             The game lasted 00:59:55 (26218 turns).

ooooo the Devastator (Demonspawn Conjurer)         Turns: 26218, Time: 00:59:56

Health: 0/83       AC:  8    Str:  8    XL:     12   Next: 48%
Magic:  13/18      EV: 17    Int: 24    God:    Gozag
Gold:   2401       SH:  4    Dex: 12    Spells: 6/19 levels left

rFire   . . .      SeeInvis .    h - +3 dagger (venom)
rCold   . . .      Faith    .    Q - +0 buckler
rNeg    . . .      Spirit   .    k - +1 robe {Will+}
rPois   +          Reflect  .    t - +1 hat {Stlth+}
rElec   .          Rampage  .    y - +0 cloak
rCorr   .                        m - +0 pair of gloves
Will    +....                    o - +1 pair of boots
Stlth   +++                      s - amulet of the acrobat
HPRegen 0.33/turn                j - ring of poison resistance
MPRegen 0.16/turn                O - +5 ring of evasion

@: very slightly contaminated
A: hooves 2, powered by death 2, sturdy frame 2
a: Renounce Religion, Potion Petition, Call Merchant, Bribe Branch


You were on level 4 of the Lair of Beasts.
You worshipped Gozag.
Gozag was most pleased with you.
You visited 3 branches of the dungeon, and saw 15 of its levels.

You collected 2796 gold pieces.
You spent 312 gold pieces at shops.
You paid 83 gold pieces to Gozag.

Inventory:

Hand Weapons
 h - a +3 dagger of venom (weapon)
Missiles
 A - 4 throwing nets (quivered)
Armour
 e - a +2 robe of cold resistance
 k - a +1 robe of willpower (worn)
 m - a +0 pair of gloves (worn)
 o - a +1 pair of boots (worn)
 t - a +1 hat of stealth (worn)
 y - a +0 cloak (worn)
 J - +0 acid dragon scales
 Q - a +0 buckler (worn)
Magical Staves
 z - a staff of air
Jewellery
 j - a ring of poison resistance (left hand)
 s - an amulet of the acrobat (around neck)
 x - the ring "Mopnunku" {Dex+3 SInv}
   (You found it on level 3 of the Lair of Beasts)

   [ring of see invisible]

   Dex:       It affects your dexterity (+3).
   SInv:      It lets you see invisible.
 O - a +5 ring of evasion (right hand)
Wands
 q - a wand of polymorph (5)
 D - a wand of flame (38)
 G - a wand of digging (6)
 I - a wand of mindburst (8)
 R - a wand of charming (4)
Scrolls
 a - a scroll of magic mapping
 g - a scroll of immolation
 i - 3 scrolls of identify
 n - 3 scrolls of teleportation
 r - a scroll of enchant armour
 v - a scroll of amnesia
 w - 2 scrolls of vulnerability
 K - a scroll of fog
Potions
 b - 3 potions of magic
 c - 2 potions of heal wounds
 d - 3 potions of lignification
 l - a potion of ambrosia
 p - a potion of invisibility
 u - 3 potions of cancellation
 B - 6 potions of flight
 H - 4 potions of attraction
 S - 2 potions of brilliance
 U - a potion of berserk rage


   Skills:
 + Level 3.6 Fighting
 + Level 3.4 Armour
 + Level 4.0 Dodging
 + Level 4.2 Stealth
 + Level 3.4 Shields
 + Level 4.1 Spellcasting
 + Level 18.5 Conjurations


You had 6 spell levels left.
You knew the following spells:

 Your Spells              Type           Power      Damage    Failure   Level
a - Searing Ray           Conj           100%       2d8       0%          2
c - Fulminant Prism       Conj/Hex       24%        3d12      2%          4
d - Iskenderun's Mystic   Conj/Tloc      49%        2d11      2%          4
m - Mephitic Cloud        Conj/Pois/Air  34%        N/A       3%          3

Your spell library contained the following spells:

 Spells                   Type           Power      Damage    Failure   Level
 Magic Dart               Conj           100%       1d8       0%          1
 Dazzling Flash           Conj/Hex       98%        N/A       1%          3
 Stone Arrow              Conj/Erth      98%        3d13      1%          3
 Sticky Flame             Conj/Fire      49%        2d7       2%          4
 Irradiate                Conj/Tmut      24%        3d19      8%          5
 Apportation              Tloc           8%         N/A       13%         1
 Beastly Appendage        Tmut           8%         N/A       13%         1
 Necrotise                Necr           16%        1d4       13%         1
 Sandblast                Erth           8%         2d5       13%         1
 Summon Small Mammal      Summ           16%        N/A       13%         1
 Call Imp                 Summ           4%         N/A       19%         2
 Passwall                 Tmut/Erth      3%         N/A       19%         2
 Sublimation of Blood     Necr           4%         N/A       19%         2
 Wereblood                Tmut           4%         N/A       19%         2
 Ignite Poison            Fire/Tmut/Pois 4%         N/A       36%         3
 Kindle Blastsparks       Fire/Tloc/Air  8%         2d10      36%         3
 Spider Form              Tmut/Pois      4%         N/A       36%         3
 Starburst                Conj/Fire      24%        6d8       41%         6
 Alistair's Intoxication  Tmut/Pois      2%         N/A       98%         5
 Blade Hands              Tmut           2%         N/A       98%         5
 Borgnjor's Vile Clutch   Necr/Erth      2%         N/A       98%         5
 Lee's Rapid Deconstruct  Erth           2%         3d4*      98%         5
 Eringya's Noxious Bog    Tmut/Pois      2%         N/A       100%        6
 Dragon Form              Tmut           2%         N/A       100%        7
 Summon Hydra             Summ           2%         N/A       100%        7
 Ignition                 Fire           2%         3d3       100%        8


Dungeon Overview and Level Annotations

Branches:
Dungeon (10/15) Zot: 23967  Temple (1/1) D:4 Zot: 5972    Lair (4/5) D:10 Zot: 15809
 Shoals (0/4) Lair:3       Spider (0/4) Lair:3
  Slime: Lair:4-5       Orc: D:9-12

Altars:
Ashenzari
Cheibriados
Fedhas
Gozag
Hepliaklqana
Kikubaaqudgha
Makhleb
Nemelex Xobeh
Okawaru
Ru
Sif Muna
Vehumet
Wu Jian
Xom

Shops:
D:3 !   D:10 :

Annotations:
D:7 2 transporters, exclusion: oklob plant, mandoloar's ghost, novice GnEE
Lair:2 Gastronok
Lair:3 1 runed translucent door


Innate Abilities, Weirdness & Mutations

You have hoof-like feet.
You regenerate health from kills.
Your movements are less encumbered by armour. (ER -4)


Message History

The skyshark is engulfed in noxious fumes.
You hit the skyshark but do no damage. The skyshark completely misses you.
The skyshark tail-slaps you.
The skyshark tail-slaps you but does no damage.
You catch the helpless skyshark completely off-guard!
You puncture the skyshark!
The skyshark looks as sick as possible!
The skyshark is lightly wounded.
The skyshark bites you but does no damage.
The skyshark tail-slaps you. The skyshark closely misses you.
You hit the skyshark.
The skyshark looks as sick as possible!
The skyshark is moderately wounded.
The skyshark seems less confused.
The skyshark closely misses you. The skyshark tail-slaps you.
You block the skyshark's attack.
You hit the skyshark.
The skyshark looks as sick as possible!
The skyshark is moderately wounded.
The skyshark bites you.
The skyshark tastes blood and grows stronger!
You block the skyshark's attack. The skyshark completely misses you.
You hit the skyshark.
The skyshark looks as sick as possible!
The skyshark is moderately wounded.
The skyshark misses you. The skyshark tail-slaps you!
The skyshark closely misses you.
You hit the skyshark.
The skyshark is heavily wounded.
The skyshark bites you!!
The skyshark enters a blood-rage!
You block the skyshark's attack. The skyshark tail-slaps you!
Casting: Mephitic Cloud (mildly dangerous; 3% risk of failure)
Confirm with . or Enter, or press ? or * to list all spells.
Aiming: Mephitic Cloud (mildly dangerous; 3% risk of failure)
Press: ? - help, Shift-Dir - straight line, f/p - skyshark
Aim: a skyshark (heavily wounded, berserk, extremely poisoned, chance to affect: 53%)
You miscast Mephitic Cloud.
You are very lightly contaminated with residual magic.
Nothing appears to happen.
The skyshark bites you!
* * * LOW HITPOINT WARNING * * *
The skyshark closely misses you. The skyshark tail-slaps you.
* * * LOW HITPOINT WARNING * * *
The skyshark bites you!
You die...
Your body crumbles into a pile of gold.

###.##### #..## ##......
........### ##>.### #.+.....
..........#####.##.##### #.......
..........#............###.#.....
........P.#.##..#...##..#..#.....
........#(.................#.....
........##..#.....P.....##.#.....
......P###........#....##########
###...## #####.#@####### ### ##.#
###.l# #.. .. ##..# ###.. ..#
##.... .## ###.'##. +#
#####....... ...P#..#.<......
+............ #P#..+.......


You could see a skyshark (berserk, extremely poisoned).

Vanquished Creatures
  A hydra (Lair:2)
  A two-headed ogre (D:9)
  Nergalle (Lair:2)
  An orb spider (Lair:3)
  7 cane toads
  2 black mambas
  Joseph (D:7)
  Maggie (D:6)
  2 kobold demonologists (D:8)
  3 rime drakes
  4 komodo dragons
  A troll (D:10)
  2 polar bears
  A hornet (D:9)
  3 blink frogs (Lair:2)
  5 slime creatures (D:10)
  2 wyverns
  A human (Lair:3)
  20 yaks
  2 steam dragons
  2 basilisks (Lair:2)
  3 hogs
  3 vampire mosquitoes (D:10)
  Menkaure (D:7)
  An acid dragon (D:9)
  9 water moccasins
  2 orc warriors (D:9)
  3 ice beasts
  2 black bears
  An ogre (D:6)
  3 wolves (Lair:2)
  9 centaurs
  A phantom (D:6)
  3 kobold brigands
  7 bullfrogs
  3 scorpions
  A gnoll sergeant (D:10)
  4 wights (D:7)
  8 killer bees
  A howler monkey (D:9)
  A bullfrog zombie (D:7)
  A hound (D:7)
  2 jellies
  2 orc priests
  A gnoll bouda (D:10)
  Crazy Yiuf (D:7)
  2 sleepcaps (D:5)
  Ijyb (D:5)
  2 iguanas
  Natasha (twice) (D:3)
  7 orc wizards
  A killer bee zombie (D:7)
  13 gnolls
  2 adders
  A shadow imp (D:6)
  3 worms (D:2)
  4 dart slugs
  21 orcs
  8 endoplasms
  A giant cockroach (D:4)
  4 goblins
  9 hobgoblins
  A jackal (D:2)
  9 kobolds
  9 quokkas
  5 ball pythons
  8 bats
  5 frilled lizards
  9 rats
263 creatures vanquished.

Vanquished Creatures (others)
  Kirke (Lair:3)
  A quokka (D:7)
  A bush (Lair:2)
  25 fulminant prisms
  16 fungi
  27 plants
71 creatures vanquished.

Grand Total: 334 creatures vanquished

Notes
Turn   | Place    | Note
-------+----------+-------------------------------------------
     0 | D:1      | ooooo the Demonspawn Conjurer began the quest for the Orb.
     0 | D:1      | Reached XP level 1. HP: 13/13 MP: 3/3
   497 | D:1      | Found a faded altar of an unknown god.
   507 | D:1      | Gained mutation: You regenerate a little health from kills.
                  | [demonic ancestry]
   507 | D:1      | Reached XP level 2. HP: 14/19 MP: 5/5
   636 | D:1      | Learned a level 2 spell: Searing Ray
  1083 | D:2      | Reached skill level 5 in Conjurations
  1168 | D:2      | Reached XP level 3. HP: 24/24 MP: 4/6
  2371 | D:3      | Found Luul's Distillery.
  2382 | D:3      | Bought a potion of curing for 36 gold pieces
  2382 | D:3      | Bought a potion of heal wounds for 60 gold pieces
  2469 | D:3      | Noticed Natasha
  2476 | D:3      | Killed Natasha
  2477 | D:3      | Gained mutation: You regenerate health from kills. [demonic
                  | ancestry]
  2477 | D:3      | Reached XP level 4. HP: 18/30 MP: 0/7
  2769 | D:3      | Reached skill level 6 in Conjurations
  3348 | D:4      | Found a staircase to the Ecumenical Temple.
  3358 | Temple   | Entered the Ecumenical Temple
  3371 | Temple   | Became a worshipper of Gozag Ym Sagoz the Greedy
  3535 | D:4      | Reached XP level 5. HP: 35/35 MP: 3/8
  3947 | D:4      | Reached skill level 7 in Conjurations
  4045 | D:4      | Found a broken altar of Ashenzari.
  4085 | D:5      | Entered Level 5 of the Dungeon
  4125 | D:5      | Gained mutation: Your movements are slightly less
                  | encumbered by armour. (ER -2) [demonic ancestry]
  4125 | D:5      | Reached XP level 6. HP: 23/41 MP: 1/9
  5269 | D:5      | Reached skill level 8 in Conjurations
  5377 | D:5      | Noticed Ijyb
  5546 | D:5      | Noticed an ice beast
  5579 | D:5      | Killed an ice beast
  5580 | D:5      | Reached XP level 7. HP: 22/46 MP: 1/10
  5958 | D:5      | Reached skill level 9 in Conjurations
  6438 | D:5      | Learned a level 3 spell: Mephitic Cloud
  6473 | D:5      | Killed Ijyb
  6611 | D:5      | Learned a level 4 spell: Fulminant Prism
  6742 | D:6      | Reached skill level 10 in Conjurations
  6970 | D:6      | Gained mutation: You have large cloven feet. [demonic
                  | ancestry]
  6970 | D:6      | Reached XP level 8. HP: 52/52 MP: 6/11
  7823 | D:6      | Noticed a two-headed ogre
  7930 | D:6      | Noticed Maggie
  7944 | D:6      | Killed Maggie
  7945 | D:6      | Reached skill level 11 in Conjurations
  8618 | D:3      | Noticed Natasha
  8622 | D:3      | Killed Natasha
  8634 | D:3      | Bought a potion of haste for 120 gold pieces
  8634 | D:3      | Bought a potion of cancellation for 96 gold pieces
  8933 | D:7      | Found a transporter.
  8934 | D:7      | Found a transporter.
  8935 | D:7      | Noticed mandoloar's ghost (novice GnEE)
  8980 | D:7      | Noticed Menkaure
  8982 | D:7      | Killed Menkaure
  8983 | D:7      | Reached skill level 12 in Conjurations
  9061 | D:7      | Reached XP level 9. HP: 43/57 MP: 1/12
  9480 | D:7      | Noticed an oklob plant
  9941 | D:7      | Noticed Joseph
  9959 | D:7      | Killed Joseph
  9960 | D:7      | Reached skill level 13 in Conjurations
 10202 | D:7      | Found a blossoming altar of Fedhas.
 10287 | D:7      | Found a runed translucent door.
 10288 | D:7      | Noticed Crazy Yiuf
 10296 | D:7      | Killed Crazy Yiuf
 10850 | D:8      | Noticed a kobold demonologist
 10853 | D:8      | Noticed a kobold demonologist
 10861 | D:8      | Killed a kobold demonologist
 11828 | D:8      | Reached skill level 14 in Conjurations
 11834 | D:8      | Killed a kobold demonologist
 12124 | D:8      | Found a sparkling altar of Nemelex Xobeh.
 12147 | D:8      | Found a snail-covered altar of Cheibriados.
 12147 | D:8      | Found an ancient bone altar of Kikubaaqudgha.
 12148 | D:8      | Found a sacrificial altar of Ru.
 13212 | D:9      | Gained mutation: Your movements are less encumbered by
                  | armour. (ER -4) [demonic ancestry]
 13212 | D:9      | Reached XP level 10. HP: 58/63 MP: 3/13
 13239 | D:9      | Noticed a two-headed ogre
 13808 | D:9      | Reached skill level 15 in Conjurations
 14462 | D:9      | Killed a two-headed ogre
 15103 | D:10     | Entered Level 10 of the Dungeon
 15746 | D:10     | Reached skill level 16 in Conjurations
 15888 | D:10     | Learned a level 4 spell: Iskenderun's Mystic Blast
 16602 | D:10     | Found Saipelle's Book Boutique.
 16623 | D:10     | Found a staircase to the Lair.
 16662 | D:10     | Identified the +1 leather armour of Dice, Bag, and Bottle
                  | {Str+3 Stlth+}
 17341 | D:10     | Reached skill level 17 in Conjurations
 17867 | Lair:1   | Entered Level 1 of the Lair of Beasts
 17870 | Lair:1   | Noticed a cane toad
 17880 | Lair:1   | Killed a cane toad
 17881 | Lair:1   | Gained mutation: You have hoof-like feet. [demonic
                  | ancestry]
 17881 | Lair:1   | Reached XP level 11. HP: 68/68 MP: 0/14
 19869 | Lair:1   | Reached skill level 18 in Conjurations
 20835 | Lair:2   | Noticed a five-headed hydra
 20861 | Lair:2   | Killed a five-headed hydra
 20862 | Lair:2   | Reached skill level 1 in Fighting
 20862 | Lair:2   | Reached skill level 1 in Armour
 20862 | Lair:2   | Reached skill level 1 in Shields
 21954 | Lair:2   | Noticed Nergalle
 22571 | Lair:2   | Noticed Gastronok
 22735 | Lair:2   | Gastronok changed into Gastronok the juggernaut
 22735 | Lair:2   | Noticed Gastronok
 23401 | Lair:2   | Reached XP level 12. HP: 64/79 MP: 13/16
 23910 | Lair:3   | Noticed Kirke
 24158 | Lair:3   | Found a staircase to the Shoals.
 24390 | Lair:3   | Identified the ring "Mopnunku" {Dex+3 SInv}
 24705 | Lair:2   | Killed Nergalle
 24743 | Lair:3   | Noticed a sphinx
 25053 | Lair:3   | Killed Kirke
 25699 | Lair:3   | Found a runed translucent door.
 25712 | Lair:3   | Noticed a reaper
 25840 | Lair:3   | Found a hole to the Spider Nest.
 26218 | Lair:4   | Slain by a skyshark

Illustrated notes

Levels and vault maps discovered:
D:1:      lemuel_arrival_rhombus, layout_rooms, shapermc_ecumenical_altar_venn,
          corexii_hall_statues_i, minmay_rat_gold_closets
D:2:      minmay_wonky_spiral, layout_loops_ring, st_stairs_3,
          chequers_serial_rivers_micro_a
D:3:      layout_loops_ring, serial_shops, shop, minmay_mini_jars, uniq_natasha
D:4:      layout_rooms, mainiacjoe_overflow_paths, minmay_temple_entry_wispy,
          serial_forest, infiniplex_forest_pool, infiniplex_forest_straight_2,
          infiniplex_forest_end_1, infiniplex_forest_end_1,
          infiniplex_forest_lined_room_3, infiniplex_forest_zigzag_1,
          roderic_roman_lattice
D:5:      layout_loops_ring, mainiacjoe_overflow_catwalk, minmay_holes,
          uniq_ijyb
D:6:      layout_basic, lightli_corner_chamber, uniq_maggie
D:7:      layout_basic, mainiacjoe_overflow_alcove_1, elyvilon_altar_4,
          serial_undead, serial_undead_c, serial_undead_e, serial_undead_a,
          serial_undead_d, nzn_ghost_randoct, minmay_misc_feat_enclosed,
          uniq_joseph, uniq_menkaure, uniq_crazy_yiuf_cottage
D:8:      layout_basic, gammafunk_temple_overflow_claw,
          mainiacjoe_overflow_brackets
D:9:      layout_loops_corners
D:10:     nicolae_cairo_tiling_very_big, layout_basic, lair_entry_dummy,
          serial_shops, shop
Temple:   zaba_magenta_temple
Lair:1:   layout_layer_cave
Lair:2:   layout_roguey, grunt_megastairs_5, uniq_gastronok, uniq_nergalle
Lair:3:   layout_hall_layers, minmay_shoals_entry_centaurs,
          nicolae_spider_entry_orb_guardian, pdpol_lair_cabin_in_the_woods,
          serial_bayou_shore_b, uniq_kirke
Lair:4:   layout_roguey, slime_entry_1

Skill      XL: |  1  2  3  4  5  6  7  8  9 10 11 12 |
---------------+-------------------------------------+-----
Conjurations   | 5 6 7 8 10 12 14 17 18 | 18.5
Dodging        | 2 4 |  4.0
Stealth        | 3 4 |  4.2
Fighting       | 2 3 |  3.6
Armour         | 2 3 |  3.4
Shields        | 2 3 |  3.4
Spellcasting   | 3 4 |  4.1

Action                     |  1- 3 |  4- 6 |  7- 9 | 10-12 || total
---------------------------+-------+-------+-------+-------++-------
  Melee: Short sword       |     8 |       |       |       ||     8
         Dagger            |    53 |    83 |    89 |   368 ||   593
         Punch             |       |       |     3 |     3 ||     6
         Unarmed           |       |       |       |     5 ||     5
  Throw: Throwing net      |       |     1 |       |       ||     1
         Dart              |       |       |     2 |       ||     2
   Cast: Magic Dart        |    46 |     6 |       |       ||    52
         Searing Ray       |     2 |    25 |    50 |    65 ||   142
         Mephitic Cloud    |       |       |    25 |    65 ||    90
         Fulminant Prism   |       |       |     8 |    17 ||    25
         Iskenderun's Myst |       |       |       |    14 ||    14
  Evoke: Wand              |       |     2 |     8 |    17 ||    27
    Use: Scroll            |     1 |     5 |     7 |    19 ||    32
         Potion            |       |       |       |     6 ||     6
   Stab: Sleeping          |    12 |     2 |       |     3 ||    17
         Confused          |       |       |     8 |    33 ||    41
 Armour: Robe              |    13 |       |     7 |    24 ||    44
         Leather armour    |     1 |    38 |    19 |       ||    58
         Acid dragon scale |       |       |    17 |    61 ||    78
  Dodge: Dodged            |    34 |    70 |    93 |   441 ||   638
  Block: Buckler           |       |       |       |    61 ||    61

Table legend: (Time is in decaauts)
 A = Elapsed time spent in this place.
 B = Non-inter-level travel time spent in this place.
 C = Inter-level travel time spent in this place.
 D = Time resting spent in this place.
 E = Time spent auto-exploring this place.
 F = Levels seen in this place.
 G = Mean time per level.
                   A        B        C        D        E       F      G
               +--------+--------+--------+--------+--------+-----+--------+
         Total |  26329 |  25347 |    982 |  12332 |   8972 |  15 | 1755.3 |
       Dungeon |  18112 |  17413 |    699 |   8221 |   6639 |  10 | 1811.2 |
        Temple |     27 |     27 |      0 |      0 |      7 |   1 |   27.0 |
          Lair |   8189 |   7906 |    283 |   4111 |   2326 |   4 | 2047.2 |
               +--------+--------+--------+--------+--------+-----+--------+

Top non-repeatable levels by time:
  Lair:1: 3074 daAuts
  Lair:2: 2585 daAuts
    D:10: 2536 daAuts
     D:9: 2353 daAuts
     D:8: 2195 daAuts
     D:7: 2149 daAuts
     D:6: 2104 daAuts
  Lair:3: 2036 daAuts
     D:5: 1833 daAuts
     D:4: 1414 daAuts
     D:2: 1311 daAuts
     D:3: 1178 daAuts
     D:1: 1035 daAuts
  Lair:4: 493 daAuts
  Temple: 27 daAuts
